TOP OF THE 1ST |
Delmarva Shorebirds batting - Pitching for West Michigan Whitecaps : RHP Juan Cornejo
|
Pitching: RHP Juan Cornejo
|
|
Batting: LHB Justin Moore
|
0-0: Ball 1-0: Foul Ball, location: 2F 1-1: Swinging Strike 1-2: Ball 2-2: Ground out 4-3 (Groundball, 4, EV 89.4 MPH)
|
Batting: RHB Francisco Viera
|
0-0: Ground out 6-3 (Groundball, 6, EV 101.2 MPH)
|
Batting: LHB Eric Jackson
|
0-0: Called Strike 0-1: Ball 1-1: Foul Ball, location: 2F 1-2: Fly out, F7 (Flyball, 7D, EV 90.0 MPH)
|
Top of the 1st over - 0 runs, 0 hits, 0 errors, 0 left on base; Delmarva 0 - West Michigan 0 |
BOTTOM OF THE 1ST |
West Michigan Whitecaps batting - Pitching for Delmarva Shorebirds : RHP Matt Talaski
|
Pitching: RHP Matt Talaski
|
|
Batting: LHB Dave Carlisle
|
0-0: Swinging Strike 0-1: Swinging Strike 0-2: Foul Ball, location: 2F 0-2: Ball 1-2: Foul Ball, location: 2F 1-2: Ball 2-2: Foul Ball, location: 2F 2-2: Foul Ball, location: 2F 2-2: Foul Ball, location: 2F 2-2: Ball 3-2: Strikes out swinging
|
Batting: RHB Tony Nunez
|
0-0: Called Strike 0-1: Called Strike 0-2: Ball 1-2: Strikes out swinging, 2-3 out at first.
|
Batting: RHB Jon Goldstein
|
0-0: Ball 1-0: Ground out 4-3 (Groundball, 4S, EV 67.5 MPH)
|
Bottom of the 1st over - 0 runs, 0 hits, 0 errors, 0 left on base; Delmarva 0 - West Michigan 0 |
TOP OF THE 2ND |
Delmarva Shorebirds batting - Pitching for West Michigan Whitecaps : RHP Juan Cornejo
|
Batting: SHB Jorge Brito
|
0-0: Called Strike 0-1: Ball 1-1: Ball 2-1: Called Strike 2-2: Ball 3-2: Foul Ball, location: 2F 3-2: Fly out, F3 (Popup, 23F, EV 91.9 MPH)
|
Batting: LHB Tom Edwards
|
0-0: Hit by Pitch
|
Batting: LHB Justin Alworth
|
0-0: Called Strike 0-1: Ball 1-1: Ball 2-1: Ball 3-1: Called Strike 3-2: Ground out 4-3 (Groundball, 34, EV 84.4 MPH) Tom Edwards to second
|
Batting: SHB Jared Boyce
|
0-0: Ball 1-0: Ball 2-0: Foul Ball, location: 2F 2-1: Foul Ball, location: 2F 2-2: Ball 3-2: Base on Balls
|
Batting: RHB Jon Zimmerman
|
0-0: Called Strike 0-1: Ball 1-1: Fielders Choice at 2nd, 5-4 (Groundball, 5, EV 86.2 MPH)
|
Top of the 2nd over - 0 runs, 0 hits, 0 errors, 2 left on base; Delmarva 0 - West Michigan 0 |
BOTTOM OF THE 2ND |
West Michigan Whitecaps batting - Pitching for Delmarva Shorebirds : RHP Matt Talaski
|
Batting: LHB George Moran
|
0-0: Ball 1-0: Called Strike 1-1: Foul Ball, location: 2F 1-2: Ball 2-2: Foul Ball, location: 2F 2-2: Strikes out swinging
|
Batting: SHB Willie Medina
|
0-0: Called Strike 0-1: Fly out, F7 (Line Drive, 7, EV 85.0 MPH)
|
Batting: LHB Brad Gaskill
|
0-0: Called Strike 0-1: Called Strike 0-2: Ball 1-2: Fly out, F7 (Flyball, 7S, EV 93.8 MPH)
|
Bottom of the 2nd over - 0 runs, 0 hits, 0 errors, 0 left on base; Delmarva 0 - West Michigan 0 |
TOP OF THE 3RD |
Delmarva Shorebirds batting - Pitching for West Michigan Whitecaps : RHP Juan Cornejo
|
Batting: RHB Alex Valencia
|
0-0: Called Strike 0-1: Ground out 6-3 (Groundball, 4M, EV 110.6 MPH)
|
Batting: LHB Justin Moore
|
0-0: Called Strike 0-1: Ball 1-1: DOUBLE (Flyball, 7LD, EV 94.4 MPH)
|
Batting: RHB Francisco Viera
|
0-0: Ball 1-0: Ball Passed Ball! Justin Moore to third 2-0: SINGLE (Line Drive, 78M, EV 86.9 MPH) Justin Moore scores
|
Batting: LHB Eric Jackson
|
0-0: Ball 1-0: Ball 2-0: Foul Ball, location: 2F 2-1: Swinging Strike 2-2: Ball 3-2: Fly out, F5 (Popup, 56S, EV 75.0 MPH)
|
Batting: SHB Jorge Brito
|
0-0: Ball Francisco Viera steals 2nd base (no throw) 1-0: Called Strike 1-1: Foul Ball, location: 2F 1-2: Ball 2-2: Foul Ball, location: 2F 2-2: Strikes out swinging
|
Top of the 3rd over - 1 run, 2 hits, 0 errors, 1 left on base; Delmarva 1 - West Michigan 0 |
BOTTOM OF THE 3RD |
West Michigan Whitecaps batting - Pitching for Delmarva Shorebirds : RHP Matt Talaski
|
Batting: SHB Chris Wagler
|
0-0: Bunted foul 0-1: Ball 1-1: Foul Ball, location: 2F 1-2: Strikes out swinging
|
Batting: LHB Steve Herrera
|
0-0: Ball 1-0: Foul Ball, location: 2F 1-1: Swinging Strike 1-2: Ground out 6-3 (Groundball, 6, EV 88.1 MPH)
|
Batting: RHB Khalil Coleman
|
0-0: Foul Ball, location: 2F 0-1: Foul Ball, location: 2F 0-2: Strikes out looking
|
Bottom of the 3rd over - 0 runs, 0 hits, 0 errors, 0 left on base; Delmarva 1 - West Michigan 0 |
TOP OF THE 4TH |
Delmarva Shorebirds batting - Pitching for West Michigan Whitecaps : RHP Juan Cornejo
|
Batting: LHB Tom Edwards
|
0-0: Ball 1-0: Ball 2-0: Called Strike 2-1: Swinging Strike 2-2: Ball 3-2: Strikes out swinging
|
Batting: LHB Justin Alworth
|
0-0: Ball 1-0: Foul Ball, location: 2F 1-1: Foul Ball, location: 2F 1-2: Foul Ball, location: 2F 1-2: Foul Ball, location: 2F 1-2: Ball 2-2: Foul Ball, location: 2F 2-2: Fly out, F8 (Line Drive, 89M, EV 95.6 MPH)
|
Batting: SHB Jared Boyce
|
0-0: Called Strike 0-1: Foul Ball, location: 2F 0-2: Strikes out swinging
|
Top of the 4th over - 0 runs, 0 hits, 0 errors, 0 left on base; Delmarva 1 - West Michigan 0 |
BOTTOM OF THE 4TH |
West Michigan Whitecaps batting - Pitching for Delmarva Shorebirds : RHP Matt Talaski
|
Batting: LHB Dave Carlisle
|
0-0: Foul Ball, location: 2F 0-1: Called Strike 0-2: Ball 1-2: DOUBLE (Groundball, 3L, EV 103.8 MPH)
|
Batting: RHB Tony Nunez
|
0-0: SINGLE (Groundball, 34D, EV 110.0 MPH) Dave Carlisle to third
|
Batting: RHB Jon Goldstein
|
0-0: Foul Ball, location: 2F 0-1: Ball 1-1: Ground out 5-3 (Groundball, 5L, EV 83.1 MPH) Tony Nunez to second
|
Batting: LHB George Moran
|
0-0: Called Strike 0-1: Foul Ball, location: 2F 0-2: Ball 1-2: 3-RUN HOME RUN (Flyball, 89XD, EV 101.9 MPH), Distance : 414 ft
|
Batting: SHB Willie Medina
|
0-0: SINGLE (Flyball, 8LS, EV 96.9 MPH)
|
Batting: LHB Brad Gaskill
|
0-0: Called Strike 0-1: Called Strike Willie Medina is caught stealing 2nd base 2-6 0-2: Foul Ball, location: 2F 0-2: Ball 1-2: Ball 2-2: Ground out 6-3 (Groundball, 6, EV 90.6 MPH)
|
Bottom of the 4th over - 3 runs, 4 hits, 0 errors, 0 left on base; Delmarva 1 - West Michigan 3 |
TOP OF THE 5TH |
Delmarva Shorebirds batting - Pitching for West Michigan Whitecaps : RHP Juan Cornejo
|
Batting: RHB Jon Zimmerman
|
0-0: Foul Ball, location: 2F 0-1: Foul Ball, location: 2F 0-2: SINGLE (Line Drive, 4MD, EV 94.4 MPH)
|
Batting: RHB Alex Valencia
|
0-0: Called Strike 0-1: Ball 1-1: DOUBLE (Line Drive, 89M, EV 91.2 MPH) Jon Zimmerman to third Runner from 3rd tries for Home, SAFE, throw by CF to trailing runner, SAFE at third!
|
Batting: LHB Justin Moore
|
0-0: Ball 1-0: Ball 2-0: Ball 3-0: Base on Balls
|
Pitching: RHP Jorge Castaneda
|
|
Batting: RHB Francisco Viera
|
0-0: Ball 1-0: Ball 2-0: SINGLE (Groundball, 56D, EV 100.6 MPH) Alex Valencia scores Justin Moore to second
|
Batting: LHB Eric Jackson
|
0-0: Ball 1-0: Ball 2-0: DOUBLE (Line Drive, 89D, EV 104.4 MPH) Justin Moore scores Francisco Viera to third
|
Batting: SHB Jorge Brito
|
0-0: Foul Ball, location: 2F 0-1: Ball 1-1: Fly out, F9 (Flyball, 89M, EV 90.6 MPH) Runner from 3rd tags up, SCORES, throw by RF
|
Batting: LHB Tom Edwards
|
0-0: Called Strike 0-1: Ball 1-1: Fly out, F8 (Flyball, 8RXD, EV 93.1 MPH) Runner from 2nd tags up, SAFE at 3rd, no throw by CF
|
Batting: LHB Justin Alworth
|
0-0: Called Strike 0-1: Swinging Strike 0-2: Ball 1-2: SINGLE (Line Drive, 4D, EV 93.8 MPH) Eric Jackson scores
|
Batting: SHB Jared Boyce
|
0-0: Ground out 4-3 (Groundball, 4, EV 76.9 MPH)
|
Top of the 5th over - 5 runs, 5 hits, 0 errors, 1 left on base; Delmarva 6 - West Michigan 3 |
BOTTOM OF THE 5TH |
West Michigan Whitecaps batting - Pitching for Delmarva Shorebirds : RHP Matt Talaski
|
Batting: SHB Chris Wagler
|
0-0: Ground out 6-3 (Groundball, P, EV 91.9 MPH)
|
Batting: LHB Steve Herrera
|
0-0: DOUBLE (Flyball, 8LXD, EV 98.8 MPH)
|
Batting: RHB Khalil Coleman
|
0-0: Ground out 6-3 (Groundball, 56D, EV 105.6 MPH)
|
Batting: LHB Dave Carlisle
|
0-0: Called Strike 0-1: Fly out, F7 (Flyball, 7S, EV 86.2 MPH)
|
Bottom of the 5th over - 0 runs, 1 hit, 0 errors, 1 left on base; Delmarva 6 - West Michigan 3 |
TOP OF THE 6TH |
Delmarva Shorebirds batting - Pitching for West Michigan Whitecaps : RHP Jorge Castaneda
|
Batting: RHB Jon Zimmerman
|
0-0: Called Strike 0-1: Called Strike 0-2: SINGLE (Flyball, 34D, EV 93.1 MPH)
|
Batting: RHB Alex Valencia
|
0-0: Ball 1-0: Called Strike 1-1: Ball 2-1: Foul Ball, location: 2F 2-2: Fly out, F7 (Flyball, 78S, EV 96.2 MPH)
|
Batting: LHB Justin Moore
|
0-0: Swinging Strike 0-1: Ball Jon Zimmerman is caught stealing 2nd base 2-6 1-1: Foul Ball, location: 2F 1-2: Ball 2-2: Ball 3-2: Foul Ball, location: 2F 3-2: Foul Ball, location: 2F 3-2: Base on Balls
|
Batting: RHB Francisco Viera
|
0-0: Foul Ball, location: 2F 0-1: Fly out, F3 (Popup, 3SF, EV 76.2 MPH)
|
Top of the 6th over - 0 runs, 1 hit, 0 errors, 1 left on base; Delmarva 6 - West Michigan 3 |
BOTTOM OF THE 6TH |
West Michigan Whitecaps batting - Pitching for Delmarva Shorebirds : RHP Matt Talaski
|
Batting: RHB Tony Nunez
|
0-0: Ball 1-0: Ball 2-0: Called Strike 2-1: SINGLE (Groundball, 34D, EV 95.6 MPH)
|
Batting: RHB Jon Goldstein
|
0-0: Ball 1-0: Ball 2-0: SINGLE (Groundball, 34, EV 86.2 MPH) (infield hit) Tony Nunez to second
|
Batting: LHB George Moran
|
0-0: Ball 1-0: Swinging Strike 1-1: Foul Ball, location: 2F 1-2: Foul Ball, location: 2F 1-2: Ground out 5-3 (Groundball, 5S, EV 73.1 MPH) Tony Nunez to third Jon Goldstein to second
|
Batting: SHB Willie Medina
|
0-0: Ball 1-0: DOUBLE (Line Drive, 7LM, EV 105.6 MPH) Tony Nunez scores Jon Goldstein scores
|
Pitching: LHP John Dyer
|
|
Batting: RHB Joe Zimmerman
|
0-0: Ball 1-0: Ball 2-0: Ground out 5-3 (Groundball, 56S, EV 72.5 MPH) Willie Medina to third
|
Batting: SHB Chris Wagler
|
0-0: Called Strike 0-1: Ball 1-1: Fly out, F9 (Flyball, 89M, EV 77.5 MPH)
|
Bottom of the 6th over - 2 runs, 3 hits, 0 errors, 1 left on base; Delmarva 6 - West Michigan 5 |
TOP OF THE 7TH |
Delmarva Shorebirds batting - Pitching for West Michigan Whitecaps : RHP Jorge Castaneda
|
Pitching: RHP Jerome Stady
|
|
Batting: LHB Eric Jackson
|
0-0: Ball 1-0: Ball 2-0: Foul Ball, location: 2F 2-1: Called Strike 2-2: Foul Ball, location: 2F 2-2: Ball 3-2: Strikes out swinging
|
Batting: SHB Jorge Brito
|
0-0: Foul Ball, location: 2F 0-1: Foul Ball, location: 2F 0-2: Ball 1-2: Ball 2-2: Strikes out swinging
|
Batting: LHB Tom Edwards
|
0-0: Called Strike 0-1: Foul Ball, location: 2F 0-2: Foul Ball, location: 2F 0-2: Ball 1-2: SINGLE (Groundball, 13S, EV 68.8 MPH) (infield hit)
|
Batting: LHB Justin Alworth
|
0-0: Called Strike Tom Edwards steals 2nd base 0-1: Foul Ball, location: 2F 0-2: Foul Ball, location: 2F 0-2: Reached on error, E5 (Groundball, 56S, EV 81.9 MPH) Tom Edwards scores
|
Batting: SHB Jared Boyce
|
0-0: Called Strike 0-1: Ball 1-1: Called Strike 1-2: Ball 2-2: SINGLE (Groundball, 56S, EV 69.4 MPH) (infield hit) Justin Alworth to third
|
Batting: RHB Jon Zimmerman
|
0-0: Called Strike 0-1: Called Strike 0-2: Ball 1-2: Ball 2-2: Ball 3-2: Fly out, F8 (Flyball, 8LD, EV 105.6 MPH)
|
Top of the 7th over - 1 run, 2 hits, 1 error, 2 left on base; Delmarva 7 - West Michigan 5 |
BOTTOM OF THE 7TH |
West Michigan Whitecaps batting - Pitching for Delmarva Shorebirds : LHP John Dyer
|
Now at 3B: Lee Deason
|
|
Batting: LHB Steve Herrera
|
0-0: Foul Ball, location: 2F 0-1: Swinging Strike 0-2: Strikes out swinging
|
Batting: RHB Khalil Coleman
|
0-0: Called Strike 0-1: Ball 1-1: Ball 2-1: Foul Ball, location: 2F 2-2: Foul Ball, location: 2F 2-2: Strikes out swinging
|
Batting: LHB Dave Carlisle
|
0-0: Ball 1-0: Foul Ball, location: 2F 1-1: Ball 2-1: Foul Ball, location: 2F 2-2: Fly out, F7 (Flyball, 78D, EV 99.4 MPH)
|
Bottom of the 7th over - 0 runs, 0 hits, 0 errors, 0 left on base; Delmarva 7 - West Michigan 5 |
TOP OF THE 8TH |
Delmarva Shorebirds batting - Pitching for West Michigan Whitecaps : RHP Jerome Stady
|
Pitching: RHP Dave Valdez
|
|
Batting: RHB Alex Valencia
|
0-0: Called Strike 0-1: Called Strike 0-2: Ball 1-2: Ball 2-2: Foul Ball, location: 2F 2-2: Ground out U3 (Groundball, 34S, EV 80.0 MPH)
|
Batting: LHB Justin Moore
|
0-0: Ball 1-0: Ball 2-0: Called Strike 2-1: Foul Ball, location: 2F 2-2: Ball 3-2: Foul Ball, location: 2F 3-2: Foul Ball, location: 2F 3-2: Foul Ball, location: 2F 3-2: Foul Ball, location: 2F 3-2: Foul Ball, location: 2F 3-2: Base on Balls
|
Batting: RHB Francisco Viera
|
0-0: Called Strike 0-1: Swinging Strike 0-2: Strikes out swinging
|
Batting: LHB Eric Jackson
|
0-0: Foul Ball, location: 2F 0-1: Foul Ball, location: 2F 0-2: Ball 1-2: Ball 2-2: Foul Ball, location: 2F 2-2: Strikes out looking
|
Top of the 8th over - 0 runs, 0 hits, 0 errors, 1 left on base; Delmarva 7 - West Michigan 5 |
BOTTOM OF THE 8TH |
West Michigan Whitecaps batting - Pitching for Delmarva Shorebirds : LHP John Dyer
|
Batting: RHB Tony Nunez
|
0-0: Foul Ball, location: 2F 0-1: Ball 1-1: SINGLE (Groundball, 25, EV 66.2 MPH) (infield hit)
|
Batting: RHB Jon Goldstein
|
0-0: Ball 1-0: Ball 2-0: Ball 3-0: Called Strike 3-1: Swinging Strike 3-2: Base on Balls Tony Nunez to second
|
Batting: LHB George Moran
|
0-0: Swinging Strike 0-1: Ball 1-1: Called Strike 1-2: Strikes out swinging
|
Pitching: RHP Ryan Kotter
|
|
Batting: SHB Willie Medina
|
0-0: Called Strike 0-1: Foul Ball, location: 2F 0-2: Ball 1-2: Ball 2-2: Foul Ball, location: 2F 2-2: Foul Ball, location: 2F 2-2: Ball 3-2: SINGLE (Groundball, 4D, EV 95.0 MPH) Tony Nunez to third Jon Goldstein to second
|
Batting: RHB Joe Zimmerman
|
0-0: Called Strike 0-1: Ball Passed Ball! Tony Nunez scores Jon Goldstein to third Willie Medina to second 1-1: Fly out, F8 (Flyball, 8LM, EV 93.8 MPH) Runner from 3rd tags up, SCORES, throw by CF Willie Medina to third
|
Batting: SHB Chris Wagler
|
0-0: Foul Ball, location: 2F 0-1: Foul Ball, location: 2F 0-2: Strikes out looking
|
Bottom of the 8th over - 2 runs, 2 hits, 0 errors, 1 left on base; Delmarva 7 - West Michigan 7 |
TOP OF THE 9TH |
Delmarva Shorebirds batting - Pitching for West Michigan Whitecaps : RHP Dave Valdez
|
Pinch Hitting: LHB Mike Sloan
|
0-0: Called Strike 0-1: Swinging Strike 0-2: Ball 1-2: Strikes out swinging
|
Batting: LHB Tom Edwards
|
0-0: Ball 1-0: Called Strike 1-1: Ground out 6-3 (Groundball, 6, EV 90.0 MPH)
|
Batting: LHB Justin Alworth
|
0-0: Called Strike 0-1: Called Strike 0-2: Ground out 5-3 (Groundball, 56D, EV 80.0 MPH)
|
Top of the 9th over - 0 runs, 0 hits, 0 errors, 0 left on base; Delmarva 7 - West Michigan 7 |
BOTTOM OF THE 9TH |
West Michigan Whitecaps batting - Pitching for Delmarva Shorebirds : RHP Ryan Kotter
|
Pitching: RHP Manny Rolfe
|
|
Now at 1B: Mike Sloan
|
|
Now at 3B: Jon Zimmerman
|
|
Batting: LHB Steve Herrera
|
0-0: Ball 1-0: Called Strike 1-1: Swinging Strike 1-2: Strikes out looking
|
Batting: RHB Khalil Coleman
|
0-0: Ball 1-0: Called Strike 1-1: Foul Ball, location: 2F 1-2: Strikes out swinging
|
Batting: LHB Dave Carlisle
|
0-0: Ball 1-0: Called Strike 1-1: Ball 2-1: Ground out 5-3 (Groundball, 5, EV 100.6 MPH)
|
Bottom of the 9th over - 0 runs, 0 hits, 0 errors, 0 left on base; Delmarva 7 - West Michigan 7 |
TOP OF THE 10TH |
Delmarva Shorebirds batting - Pitching for West Michigan Whitecaps : RHP Dave Valdez
|
Batting: SHB Jared Boyce
|
0-0: Ball 1-0: Foul Ball, location: 2F 1-1: Swinging Strike 1-2: Ball 2-2: Strikes out swinging
|
Batting: RHB Jon Zimmerman
|
0-0: Called Strike 0-1: Ball 1-1: Fly out, F8 (Flyball, 8RM, EV 95.0 MPH)
|
Batting: LHB James Betron
|
0-0: Foul Ball, location: 2F 0-1: Hit by Pitch
|
Pitching: LHP Chris Thomas
|
|
Batting: LHB Justin Moore
|
0-0: Ball 1-0: Swinging Strike 1-1: Ball 2-1: Ball 3-1: Swinging Strike 3-2: Foul Ball, location: 2F 3-2: Ground out 4-3 (Groundball, 4MS, EV 65.6 MPH)
|
Top of the 10th over - 0 runs, 0 hits, 0 errors, 1 left on base; Delmarva 7 - West Michigan 7 |
BOTTOM OF THE 10TH |
West Michigan Whitecaps batting - Pitching for Delmarva Shorebirds : RHP Manny Rolfe
|
Batting: RHB Tony Nunez
|
0-0: Ball 1-0: SINGLE (Groundball, 56D, EV 98.8 MPH)
|
Batting: RHB Jon Goldstein
|
0-0: Ball 1-0: Called Strike 1-1: Ball 2-1: Fly out, F9 (Flyball, 89S, EV 76.2 MPH)
|
Batting: LHB George Moran
|
0-0: Ball 1-0: Foul Ball, location: 2F 1-1: Reached on error, E7 (Flyball, 7D, EV 103.1 MPH) Tony Nunez to second
|
Batting: SHB Willie Medina
|
0-0: Ball 1-0: Called Strike 1-1: Foul Ball, location: 2F 1-2: Strikes out swinging
|
Batting: RHB Joe Zimmerman
|
0-0: Ball 1-0: Called Strike 1-1: Swinging Strike 1-2: Strikes out swinging
|
Bottom of the 10th over - 0 runs, 1 hit, 1 error, 2 left on base; Delmarva 7 - West Michigan 7 |
TOP OF THE 11TH |
Delmarva Shorebirds batting - Pitching for West Michigan Whitecaps : LHP Chris Thomas
|
Batting: RHB Francisco Viera
|
0-0: Foul Ball, location: 2F 0-1: Foul Ball, location: 2F 0-2: Ball 1-2: Strikes out swinging
|
Batting: LHB Eric Jackson
|
0-0: Ball 1-0: Swinging Strike 1-1: Ball 2-1: Foul Ball, location: 2F 2-2: Foul Ball, location: 2F 2-2: Ground out U3 (Groundball, 34, EV 85.6 MPH)
|
Batting: LHB Mike Sloan
|
0-0: Foul Ball, location: 2F 0-1: Ball 1-1: Ground out 4-3 (Groundball, 4, EV 77.5 MPH)
|
Top of the 11th over - 0 runs, 0 hits, 0 errors, 0 left on base; Delmarva 7 - West Michigan 7 |
BOTTOM OF THE 11TH |
West Michigan Whitecaps batting - Pitching for Delmarva Shorebirds : RHP Manny Rolfe
|
Batting: SHB Chris Wagler
|
0-0: Swinging Strike 0-1: Foul Ball, location: 2F 0-2: Ball 1-2: Ground out U3 (Groundball, 34, EV 84.4 MPH)
|
Batting: LHB Steve Herrera
|
0-0: Foul Ball, location: 2F 0-1: Ball 1-1: Foul Ball, location: 2F 1-2: Strikes out swinging
|
Batting: RHB Khalil Coleman
|
0-0: Ground out 6-3 (Groundball, 6, EV 82.5 MPH)
|
Bottom of the 11th over - 0 runs, 0 hits, 0 errors, 0 left on base; Delmarva 7 - West Michigan 7 |
TOP OF THE 12TH |
Delmarva Shorebirds batting - Pitching for West Michigan Whitecaps : LHP Chris Thomas
|
Batting: LHB Tom Edwards
|
0-0: Fly out, F9 (Line Drive, 9, EV 91.9 MPH)
|
Batting: LHB Justin Alworth
|
0-0: Ball 1-0: Called Strike 1-1: Ball 2-1: Foul Ball, location: 2F 2-2: Fly out, F9 (Line Drive, 89M, EV 86.9 MPH)
|
Batting: SHB Jared Boyce
|
0-0: Ball 1-0: SINGLE (Line Drive, 4MD, EV 95.0 MPH)
|
Pitching: RHP Nate Mull
|
|
Batting: RHB Jon Zimmerman
|
0-0: Ball Jared Boyce is caught stealing 2nd base 2-4
|
Top of the 12th over - 0 runs, 1 hit, 0 errors, 0 left on base; Delmarva 7 - West Michigan 7 |
BOTTOM OF THE 12TH |
West Michigan Whitecaps batting - Pitching for Delmarva Shorebirds : RHP Manny Rolfe
|
Pitching: RHP Josh Blankenship
|
|
Batting: LHB Dave Carlisle
|
0-0: Ball 1-0: Called Strike 1-1: Swinging Strike 1-2: Foul Ball, location: 2F 1-2: Ground out 5-3 (Groundball, 56, EV 104.4 MPH)
|
Batting: RHB Tony Nunez
|
0-0: Ball 1-0: Ball 2-0: Called Strike 2-1: Swinging Strike 2-2: Ball 3-2: Base on Balls
|
Batting: RHB Jon Goldstein
|
0-0: SINGLE (Flyball, 6D, EV 92.5 MPH) Tony Nunez to second
|
Batting: LHB George Moran
|
0-0: Ball 1-0: Fly out, F8 (Flyball, 78M, EV 85.6 MPH)
|
Batting: SHB Willie Medina
|
0-0: Ball Wild Pitch! Tony Nunez to third Jon Goldstein to second 1-0: Intentional Walk
|
Batting: RHB Joe Zimmerman
|
0-0: Called Strike 0-1: Ball 1-1: Ball 2-1: Foul Ball, location: 2F 2-2: Strikes out swinging
|
Bottom of the 12th over - 0 runs, 1 hit, 0 errors, 3 left on base; Delmarva 7 - West Michigan 7 |
TOP OF THE 13TH |
Delmarva Shorebirds batting - Pitching for West Michigan Whitecaps : RHP Nate Mull
|
Batting: RHB Jon Zimmerman
|
0-0: Swinging Strike 0-1: Ground out 1-3 (Groundball, 25, EV 66.9 MPH)
|
Batting: LHB James Betron
|
0-0: Ball 1-0: Ball 2-0: Ball 3-0: Called Strike 3-1: Called Strike 3-2: Foul Ball, location: 2F 3-2: Strikes out swinging
|
Batting: LHB Justin Moore
|
0-0: Ground out 4-3 (Groundball, 4, EV 110.0 MPH)
|
Top of the 13th over - 0 runs, 0 hits, 0 errors, 0 left on base; Delmarva 7 - West Michigan 7 |
BOTTOM OF THE 13TH |
West Michigan Whitecaps batting - Pitching for Delmarva Shorebirds : RHP Josh Blankenship
|
Batting: SHB Chris Wagler
|
0-0: Ball 1-0: SINGLE (Line Drive, 34D, EV 103.8 MPH)
|
Batting: LHB Steve Herrera
|
0-0: Ball 1-0: Foul Ball, location: 2F 1-1: Foul Ball, location: 2F 1-2: Ball 2-2: Ball Chris Wagler steals 2nd base 3-2: Intentional Walk
|
Batting: RHB Khalil Coleman
|
0-0: Ground out 5-3 (Groundball, 5S, EV 72.5 MPH) Chris Wagler to third Steve Herrera to second
|
Batting: LHB Dave Carlisle
|
0-0: Intentional Walk
|
Batting: RHB Tony Nunez
|
0-0: Called Strike 0-1: SINGLE (Groundball, 56D, EV 99.4 MPH) Chris Wagler scores
|
Bottom of the 13th over - 1 run, 2 hits, 0 errors, 2 left on base; Delmarva 7 - West Michigan 8 |
|